 Dungeon Crawl Stone Soup version 0.30-a0-169-g06f667207d (webtiles) character file.

Game seed: 10056472138685403316

815 qw the Chopper (level 7, -2/44 HPs)
             Began as a Gargoyle Fighter on Sept 29, 2022.
             Slain by a gnoll
             ... wielding a +0 halberd
             ... led by a gnoll bouda
              (5 damage)
             ... on level 5 of the Dungeon.
             The game lasted 00:01:54 (4432 turns).

qw the Chopper (Gargoyle Fighter)                   Turns: 4432, Time: 00:01:55

Health: -2/44      AC: 18    Str: 19 (21) XL:     7   Next: 94%
Magic:  0/7        EV:  7    Int:  9      God:
Gold:   212        SH:  0    Dex:  9      Spells: 6/6 levels left

rFire   . . .      SeeInvis .    Y - +0 war axe
rCold   . . .      Faith    .    c - +0 buckler
rNeg    + . .      Spirit   +    h - +0 chain mail
rPois   inf        Reflect  .    k - +0 helmet
rElec   +          Harm     .    (no cloak)
rCorr   .          Rampage  +    j - +1 Delatra's gloves {ID++}
Will    .....                    i - +0 pair of boots {rampage}
Stlth   ..........               n - amulet of guardian spirit
HPRegen 0.14/turn                (no ring)
MPRegen 0.10/turn                (no ring)

@: confused, marked
A: sickness immunity, AC +4, negative energy resistance 1, electricity
resistance, torment resistance 1, petrification resistance
a: no special abilities


You were on level 5 of the Dungeon.
You visited 1 branch of the dungeon, and saw 5 of its levels.

You collected 212 gold pieces.


Innate Abilities, Weirdness & Mutations

You are immune to sickness and miasma.
Your stone body is resilient. (AC +4)
You are immune to poison.
You resist negative energy. (rN+)
You are resistant to electric shocks. (rElec)
You are resistant to unholy torment.
You are immune to petrification.


   Skills:
 - Level 5.0 Fighting
 - Level 7.0 Axes
 + Level 3.6 Armour
 - Level 1.3 Dodging
 - Level 3.2 Shields


You had 6 spell levels left.
You didn't know any spells.
Your spell library was empty.

Inventory:

Hand Weapons
 l - a +0 flail
 Y - a +0 war axe (weapon)
Armour
 c - a +0 buckler (worn)
 h - a +0 chain mail (worn)
 i - a +0 pair of boots of rampaging (worn)
 j - the +1 Delatra's gloves (worn) {ID++}
   (You acquired it on level 3 of the Dungeon)

   It heals its wearer when they drink unknown potions.
   It restores its wearer's MP when they read unknown scrolls.
 k - a +0 helmet (worn)
Jewellery
 n - an amulet of guardian spirit (around neck)
Scrolls
 b - a scroll of identify
Potions
 a - a potion of lignification
 d - a potion of might
 e - a potion of haste
 f - a potion of attraction {unknown}
 g - 2 potions of brilliance {unknown}
 m - a potion of heal wounds {unknown}

Dungeon Overview and Level Annotations

Branches:
Dungeon (5/15)
 Temple: D:4-7

Altars:
Cheibriados
Elyvilon
Gozag
Hepliaklqana
Nemelex Xobeh
Qazlal
Zin


Message History

The gnoll bouda hits you but does no damage.
The iguana bites you but does no damage.
You closely miss the orc wizard.
The orc wizard is severely wounded.
You hit the hound.
You hit the gnoll bouda but do no damage.
You hit the iguana but do no damage. The hound bites you but does no damage.
The gnoll closely misses you.
The orc wizard points at you and mumbles some strange words.
The puff of flame hits you but does no damage.
The iguana bites you.
The gnoll bouda hits you but does no damage.
The hound bites you.
You hit the orc wizard but do no damage.
The orc wizard is severely wounded.
You barely miss the gnoll bouda. You hit the iguana. You barely miss the hound.
The hound bites you but does no damage. The gnoll barely misses you.
The orc wizard gestures at you while chanting.
You are confused.
The gnoll bouda hits you with a +0 club.
The iguana bites you!
The gnoll hits you from afar with a +0 halberd.
The hound completely misses you.
You closely miss the orc wizard.
The orc wizard is severely wounded.
You hit the gnoll bouda. You closely miss the iguana.
You closely miss the hound.
A black bear comes into view.
The orc wizard hits you but does no damage.
The iguana bites you. The gnoll bouda barely misses you.
The hound bites you but does no damage. The gnoll hits you but does no damage.
The gnoll bouda hits you with a +0 club!
The iguana bites you.
The orc wizard hits you but does no damage.
You slash the orc wizard!
You kill the orc wizard!
You miss the iguana. You miss the hound. You miss the gnoll bouda.
The hound barely misses you. The hound bites you but does no damage.
The gnoll hits you from afar with a +0 halberd!
You die...

# #.#.......
#.#......# #
#........#.#
#........#.#
#..........## #
#.....g.....### #
#...h)g..#...(########
#...)@l....##.........
#....._....##.........
####._8...............
#.._..##...........
#.....##...........
####h###......#####
####.###.>....'..##
#.............##...
#.............####.


You could see a black bear, a gnoll bouda, an iguana, a hound and a gnoll
(swift).

Vanquished Creatures
  A black bear (D:5)
  2 phantoms (D:4)
  A kobold brigand (D:4)
  A necrophage (D:4)
  3 scorpions
  2 hounds (D:5)
  An iguana (D:5)
  2 orc wizards
  4 adders
  3 gnolls (D:5)
  An ufetubus (D:5)
  2 dart slugs (D:1)
  13 orcs
  7 endoplasms
  2 giant cockroaches (D:4)
  8 goblins
  4 hobgoblins
  2 jackals (D:2)
  10 kobolds
  4 quokkas
  7 ball pythons
  3 bats
  2 frilled lizards (D:3)
  A rat (D:3)
86 creatures vanquished.

Vanquished Creatures (others)
  An orc wizard (D:5)
1 creature vanquished.

Grand Total: 87 creatures vanquished

Notes
Turn   | Place    | Note
-------+----------+-------------------------------------------
     0 | D:1      | qw the Gargoyle Fighter began the quest for the Orb.
     0 | D:1      | Reached XP level 1. HP: 14/14 MP: 1/1
     0 | D:1      | 0 ||| qw: Version: 0.2-a-12-gaebbb33
     0 | D:1      | 0 ||| qw: Game counter: 1323
     0 | D:1      | 0 ||| qw: Always use a shield: true
     0 | D:1      | 0 ||| qw: God list: Okawaru
     0 | D:1      | 0 ||| qw: Allow faded altars: false
     0 | D:1      | 0 ||| qw: Do Orc after D:15 true
     0 | D:1      | 0 ||| qw: Do second Lair branch before Depths: true
     0 | D:1      | 0 ||| qw: Lair rune preference: random
     0 | D:1      | 0 ||| qw: Plans: Normal, Zot:1-4, God:TSO, Crypt, Tomb,
                  | Pan, Slime:5, Hells, Abyss, Orb
     0 | D:1      | 0 ||| PLANNING D:1-11
    87 | D:1      | 87 ||| Stepping ~*~*~tactically~*~*~ (stealth).
    95 | D:1      | Reached skill level 2 in Axes
   251 | D:1      | 251 ||| Stepping ~*~*~tactically~*~*~ (stealth).
   253 | D:1      | 253 ||| Stepping ~*~*~tactically~*~*~ (hiding).
   261 | D:1      | Reached XP level 2. HP: 19/19 MP: 2/2
   536 | D:1      | 536 ||| Stepping ~*~*~tactically~*~*~ (hiding).
   593 | D:1      | 593 ||| DROPPING +0 club.
   756 | D:1      | 756 ||| UPGRADING to +0 chain mail.
   766 | D:1      | 766 ||| DROPPING +0 scale mail.
   767 | D:1      | 767 ||| READING scroll labelled LYUKILE CUIZAF.
   768 | D:1      | 768 ||| READING scroll labelled JECUT FATOPHUSIABB.
   769 | D:1      | 769 ||| DRINKING 2 clear potions.
   821 | D:2      | 821 ||| Stepping ~*~*~tactically~*~*~ (stealth).
   822 | D:2      | 822 ||| Stepping ~*~*~tactically~*~*~ (stealth).
   836 | D:2      | Reached skill level 3 in Axes
   836 | D:2      | Reached XP level 3. HP: 19/23 MP: 3/3
   902 | D:2      | 902 ||| Stepping ~*~*~tactically~*~*~ (stealth).
   903 | D:2      | 903 ||| Stepping ~*~*~tactically~*~*~ (stealth).
  1024 | D:2      | 1024 ||| Stepping ~*~*~tactically~*~*~ (stealth).
  1046 | D:2      | Found a faded altar of an unknown god.
  1114 | D:2      | 1114 ||| DROPPING +0 mace.
  1129 | D:2      | 1129 ||| Stepping ~*~*~tactically~*~*~ (stealth).
  1305 | D:2      | 1305 ||| UPGRADING to +0 pair of boots of rampaging.
  1310 | D:2      | 1310 ||| UPGRADING to +0 helmet.
  1315 | D:2      | 1315 ||| READING scroll labelled ZAETHI UMOELO.
  1316 | D:2      | 1316 ||| READING scroll labelled CYKOT ILIOGAOXEUL.
  1321 | D:2      | 1321 ||| READING scroll labelled XUELOI EKKOT.
  1349 | D:3      | 1349 ||| Stepping ~*~*~tactically~*~*~ (stealth).
  1435 | D:3      | Found a glowing silver altar of Zin.
  1439 | D:3      | 1439 ||| Stepping ~*~*~tactically~*~*~ (hiding).
  1446 | D:3      | 1446 ||| Stepping ~*~*~tactically~*~*~ (hiding).
  1452 | D:3      | 1452 ||| Stepping ~*~*~tactically~*~*~ (stealth).
  1454 | D:3      | Reached XP level 4. HP: 28/28 MP: 4/4
  1455 | D:3      | 1455 ||| DRINKING potion of curing.
  1455 | D:3      | 1455 ||| (to cure confusion)
  1467 | D:3      | HP: 7/28 [something (1)]
  1488 | D:3      | Reached skill level 4 in Axes
  1743 | D:3      | Noticed a scorpion
  1753 | D:3      | Killed a scorpion
  1754 | D:3      | Reached XP level 5. HP: 23/32 MP: 5/5
  2440 | D:3      | 2440 ||| READING scroll labelled JILLUUC NOODD.
  2440 | D:3      | Identified a scroll of acquirement
  2440 | D:3      | 2440 ||| ACQUIRING +1 Delatra's gloves {ID++}
  2440 | D:3      | Acquired the +1 Delatra's gloves {ID++}
  2440 | D:3      | Found the +1 Delatra's gloves {ID++}
  2442 | D:3      | 2442 ||| UPGRADING to +1 Delatra's gloves {ID++}.
  2447 | D:3      | 2447 ||| READING 2 scrolls of identify.
  2447 | D:3      | 2447 ||| IDENTIFYING orange potion
  2520 | D:4      | Reached skill level 5 in Axes
  2618 | D:4      | 2618 ||| Stepping ~*~*~tactically~*~*~ (hiding).
  2705 | D:4      | Noticed a phantom
  2732 | D:4      | Killed a phantom
  2733 | D:4      | Reached XP level 6. HP: 28/39 MP: 6/6
  3429 | D:4      | Found an opulent altar of Gozag.
  3429 | D:4      | Found a sparkling altar of Nemelex Xobeh.
  3552 | D:4      | 3552 ||| UPGRADING to amulet of guardian spirit.
  3557 | D:4      | 3557 ||| DRINKING 2 fuming dark potions.
  3558 | D:4      | 3558 ||| DRINKING 2 purple potions.
  3559 | D:4      | 3559 ||| DROPPING potion of degeneration.
  3595 | D:5      | Entered Level 5 of the Dungeon
  3641 | D:5      | Found a stormy altar of Qazlal.
  3741 | D:5      | 3741 ||| Stepping ~*~*~tactically~*~*~ (hiding).
  3746 | D:5      | 3746 ||| Stepping ~*~*~tactically~*~*~ (stealth).
  3762 | D:5      | 3762 ||| FLEEEEING.
  3763 | D:5      | 3763 ||| FLEEEEING.
  3764 | D:5      | 3764 ||| FLEEEEING.
  3765 | D:5      | 3765 ||| FLEEEEING.
  3766 | D:5      | 3766 ||| FLEEEEING.
  3767 | D:5      | 3767 ||| FLEEEEING.
  3768 | D:5      | 3768 ||| FLEEEEING.
  3772 | D:5      | 3772 ||| FLEEEEING.
  3773 | D:5      | 3773 ||| FLEEEEING.
  3774 | D:5      | 3774 ||| FLEEEEING.
  3780 | D:5      | 3780 ||| FLEEEEING.
  3781 | D:5      | 3781 ||| FLEEEEING.
  3782 | D:5      | 3782 ||| FLEEEEING.
  3783 | D:5      | 3783 ||| FLEEEEING.
  3784 | D:5      | 3784 ||| FLEEEEING.
  3785 | D:5      | 3785 ||| FLEEEEING.
  3786 | D:5      | 3786 ||| FLEEEEING.
  3787 | D:5      | 3787 ||| FLEEEEING.
  3788 | D:5      | 3788 ||| FLEEEEING.
  3789 | D:5      | 3789 ||| FLEEEEING.
  3790 | D:5      | 3790 ||| FLEEEEING.
  3791 | D:5      | 3791 ||| FLEEEEING.
  3792 | D:5      | 3792 ||| FLEEEEING.
  3793 | D:5      | 3793 ||| FLEEEEING.
  3794 | D:5      | 3794 ||| FLEEEEING.
  3795 | D:5      | 3795 ||| FLEEEEING.
  3796 | D:5      | 3796 ||| FLEEEEING.
  3797 | D:5      | 3797 ||| FLEEEEING.
  3798 | D:5      | 3798 ||| FLEEEEING.
  3799 | D:5      | 3799 ||| FLEEEEING.
  3800 | D:5      | 3800 ||| STAIRDANCE
  3832 | D:5      | 3832 ||| STAIRDANCE
  3841 | D:4      | Reached skill level 6 in Axes
  3841 | D:4      | Reached XP level 7. HP: 37/44 MP: 4/7
  3895 | D:5      | 3895 ||| STAIRDANCE
  3949 | D:5      | 3949 ||| Stepping ~*~*~tactically~*~*~ (stealth).
  3990 | D:5      | 3990 ||| FLEEEEING.
  3991 | D:5      | 3991 ||| FLEEEEING.
  3992 | D:5      | 3992 ||| FLEEEEING.
  3993 | D:5      | 3993 ||| FLEEEEING.
  3995 | D:5      | 3995 ||| FLEEEEING.
  3996 | D:5      | 3996 ||| FLEEEEING.
  3997 | D:5      | 3997 ||| FLEEEEING.
  3998 | D:5      | 3998 ||| FLEEEEING.
  3999 | D:5      | 3999 ||| FLEEEEING.
  4000 | D:5      | 4000 ||| FLEEEEING.
  4001 | D:5      | 4001 ||| FLEEEEING.
  4002 | D:5      | 4002 ||| FLEEEEING.
  4003 | D:5      | 4003 ||| FLEEEEING.
  4004 | D:5      | 4004 ||| FLEEEEING.
  4005 | D:5      | 4005 ||| FLEEEEING.
  4006 | D:5      | 4006 ||| FLEEEEING.
  4007 | D:5      | 4007 ||| FLEEEEING.
  4011 | D:5      | 4011 ||| FLEEEEING.
  4012 | D:5      | 4012 ||| FLEEEEING.
  4016 | D:5      | 4016 ||| FLEEEEING.
  4017 | D:5      | 4017 ||| FLEEEEING.
  4019 | D:5      | 4019 ||| STAIRDANCE
  4197 | D:5      | Reached skill level 7 in Axes
  4289 | D:5      | 4289 ||| Stepping ~*~*~tactically~*~*~ (stealth).
  4315 | D:5      | Reached skill level 1 in Dodging
  4396 | D:5      | 4396 ||| Stepping ~*~*~tactically~*~*~ (stealth).
  4414 | D:5      | Found a snail-covered altar of Cheibriados.
  4414 | D:5      | Found a white marble altar of Elyvilon.
  4414 | D:5      | Found a hazy altar of Hepliaklqana.
  4415 | D:5      | 4415 ||| Stepping ~*~*~tactically~*~*~ (stealth).
  4431 | D:5      | HP: 4/44 [gnoll bouda/+0 club (9)]
  4432 | D:5      | Slain by a gnoll

Levels and vault maps discovered:
D:1:      evilmike_arrival_rings, layout_rooms
D:2:      layout_rooms, ebering_ecumenical_altar_mist, minmay_tetromino_t4
D:3:      layout_loops_ring, old_standard_altar
D:4:      layout_basic, grunt_temple_overflow_opulence
D:5:      layout_basic, grunt_qazlal_clouds,
          chequers_temple_overflow_statue_of_worship

Skill      XL: |  1  2  3  4  5  6  7 |
---------------+----------------------+-----
Axes           | 2 3 4 5 6 7 |  7.0
Fighting       | 4 5 |  5.0
Dodging        | 1 |  1.3
Armour         | |  3.6
Shields        | |  3.2

Action                   |  1- 3 |  4- 6 |  7- 9 || total
-------------------------+-------+-------+-------++-------
Melee: War axe           |    98 |   189 |    92 ||   379
  Use: Scroll            |     5 |     2 |       ||     7
       Potion            |     1 |     3 |       ||     4
Armor: Scale mail        |     9 |       |       ||     9
       Chain mail        |    57 |   149 |   120 ||   326
Dodge: Dodged            |    37 |    53 |    44 ||   134
Block: Buckler           |    21 |    32 |    34 ||    87

Table legend:
 A = Non-vault XP
 B = Vault XP
 C = Vault XP percentage of total XP
 D = Non-vault monster count
 E = Vault monster count
 F = Vault count percentage of total count
                 A         B        C        D         E       F
            +---------+---------+-------+---------+---------+-------
      Total |    1197 |       3 |   0.2 |      84 |       2 |   2.3
            +---------+---------+-------+---------+---------+-------
        D:1 |      23 |       0 |   0.0 |      10 |       0 |   0.0
        D:2 |      43 |       3 |   6.5 |      11 |       2 |  15.4
        D:3 |     151 |       0 |   0.0 |      19 |       0 |   0.0
        D:4 |     425 |       0 |   0.0 |      22 |       0 |   0.0
        D:5 |     555 |       0 |   0.0 |      22 |       0 |   0.0
            +---------+---------+-------+---------+---------+-------
